General information
- name: BNet
- type: Ladder team game (AT/RT)
- host: Battle.net
- saver: PLEASEDONTGO
map: UpperKingdom
- players: 6
- length: 101:16
- speed: Fast
- version: 1.23 W3XP
- replay type: Public
» download(492 KB)
Players
team 1 (winner)
PLEASEDONTGO (
blue | 38 APM | 3868 actions | 101:16)
4 Archmage
2 Blizzard
2 Brilliance Aura
4 Blood Mage
2 Flame Strike
2 Siphon Mana
» actions
| Assign group hotkey | 46 | |
| Basic commands | 33 | |
| Build / train | 274 | |
| Enter build submenu | 102 | |
| Enter hero's abilities submenu | 8 | |
| Remove unit from queue | 4 | |
| Right click | 1430 | |
| Select / deselect | 913 | |
| Select group hotkey | 732 | |
| Use ability | 326 | |
3868 total
» units
| Peasant | 21 | |
| Dragonhawk Rider | 24 | |
| Siege Engine | 3 | |
| Sorceress | 3 | |
51 total
» upgrades
| Masonry | 3 | |
| Magic Sentry | 1 | |
| Sorceress Training | 2 | |
| Animal War Training | 1 | |
| Lumber Harvesting | 1 | |
| Armor | 3 | |
| Barrage | 1 | |
| Plating | 3 | |
| Gunpowder | 3 | |
| Cloud | 1 | |
| Priest Training | 2 | |
| Swords | 2 | |
23 total
» buildings
| Altar of Kings | 3 | |
| Farm | 16 | |
| Lumber Mill | 1 | |
| Scout Tower | 179 | |
| Arcane Tower | 4 | |
| Guard Tower | 165 | |
| Town Hall | 1 | |
| Keep | 2 | |
| Gryphon Aviary | 2 | |
| Arcane Vault | 1 | |
| Castle | 4 | |
| Arcane Sanctum | 2 | |
| Barracks | 1 | |
| Blacksmith | 1 | |
| Workshop | 2 | |
384 total
» build order
00:04 Altar of Kings
00:22 Farm
00:24 Farm
00:43 Lumber Mill
00:52 Scout Tower
00:53 Scout Tower
00:55 Scout Tower
00:56 Scout Tower
01:01 Scout Tower
01:10 Scout Tower
01:16 Scout Tower
01:34 Scout Tower
01:38 Arcane Tower
01:38 Arcane Tower
01:39 Scout Tower
01:54 Scout Tower
02:08 Guard Tower
02:08 Guard Tower
02:18 Guard Tower
02:35 Scout Tower
02:38 Guard Tower
02:40 Scout Tower
02:41 Scout Tower
02:43 Scout Tower
02:45 Scout Tower
02:46 Scout Tower
02:51 Scout Tower
02:52 Scout Tower
02:54 Scout Tower
02:58 Scout Tower
03:00 Scout Tower
03:01 Scout Tower
03:04 Guard Tower
03:04 Guard Tower
03:16 Guard Tower
03:37 Guard Tower
03:38 Guard Tower
03:43 Guard Tower
03:43 Guard Tower
03:44 Guard Tower
04:00 Guard Tower
04:00 Guard Tower
04:00 Guard Tower
04:29 Guard Tower
04:29 Guard Tower
04:31 Scout Tower
04:43 Scout Tower
04:46 Scout Tower
04:48 Scout Tower
04:59 Guard Tower
04:59 Guard Tower
05:02 Scout Tower
05:12 Town Hall
05:15 Scout Tower
05:16 Scout Tower
05:17 Scout Tower
05:18 Scout Tower
05:20 Scout Tower
05:21 Scout Tower
05:22 Scout Tower
05:25 Scout Tower
05:36 Guard Tower
05:36 Guard Tower
05:39 Scout Tower
05:40 Scout Tower
05:44 Scout Tower
05:56 Arcane Tower
05:57 Arcane Tower
05:59 Guard Tower
06:02 Guard Tower
06:02 Guard Tower
06:26 Guard Tower
06:29 Guard Tower
06:36 Guard Tower
06:38 Scout Tower
07:01 Scout Tower
07:33 Scout Tower
07:36 Guard Tower
07:37 Guard Tower
07:39 Scout Tower
07:42 Scout Tower
07:43 Scout Tower
07:51 Scout Tower
07:52 Scout Tower
07:54 Scout Tower
07:55 Scout Tower
08:00 Scout Tower
08:01 Scout Tower
08:02 Scout Tower
08:04 Scout Tower
08:04 Scout Tower
08:05 Scout Tower
08:07 Guard Tower
08:07 Guard Tower
08:12 Keep
08:12 Keep
08:14 Guard Tower
08:14 Guard Tower
08:17 Scout Tower
08:19 Scout Tower
08:22 Scout Tower
08:23 Scout Tower
08:24 Scout Tower
08:26 Scout Tower
08:28 Scout Tower
08:33 Guard Tower
08:56 Guard Tower
08:56 Guard Tower
09:01 Guard Tower
09:02 Guard Tower
09:11 Guard Tower
09:12 Guard Tower
09:38 Guard Tower
09:38 Guard Tower
09:41 Guard Tower
09:42 Guard Tower
09:42 Guard Tower
10:16 Guard Tower
10:18 Scout Tower
10:19 Scout Tower
10:20 Scout Tower
10:21 Scout Tower
10:22 Scout Tower
10:23 Scout Tower
10:24 Scout Tower
10:27 Guard Tower
10:30 Scout Tower
10:32 Scout Tower
10:33 Scout Tower
10:34 Scout Tower
10:35 Scout Tower
10:37 Scout Tower
10:53 Gryphon Aviary
10:58 Gryphon Aviary
11:11 Arcane Vault
11:18 Guard Tower
11:21 Guard Tower
11:21 Guard Tower
11:40 Guard Tower
11:40 Guard Tower
11:44 Guard Tower
11:44 Guard Tower
12:00 Farm
12:02 Farm
12:08 Farm
12:12 Farm
12:44 Guard Tower
12:59 Castle
12:59 Castle
12:59 Castle
13:19 Guard Tower
13:19 Guard Tower
13:45 Guard Tower
13:51 Arcane Sanctum
14:10 Scout Tower
14:12 Scout Tower
14:14 Scout Tower
14:19 Scout Tower
14:19 Scout Tower
14:20 Scout Tower
14:22 Scout Tower
14:58 Guard Tower
15:02 Guard Tower
15:12 Guard Tower
15:55 Guard Tower
15:56 Guard Tower
16:03 Guard Tower
16:05 Scout Tower
16:06 Scout Tower
16:37 Guard Tower
16:40 Scout Tower
16:55 Guard Tower
16:55 Guard Tower
17:04 Guard Tower
17:11 Scout Tower
17:12 Scout Tower
17:14 Scout Tower
17:16 Scout Tower
17:21 Scout Tower
17:21 Scout Tower
17:22 Scout Tower
17:25 Scout Tower
17:25 Scout Tower
17:26 Guard Tower
17:26 Guard Tower
17:29 Guard Tower
17:32 Scout Tower
18:05 Arcane Sanctum
18:09 Guard Tower
18:12 Guard Tower
18:14 Scout Tower
19:20 Guard Tower
19:21 Guard Tower
19:30 Guard Tower
19:31 Scout Tower
19:41 Barracks
19:58 Guard Tower
20:02 Guard Tower
20:02 Guard Tower
20:02 Guard Tower
20:06 Scout Tower
20:07 Scout Tower
20:08 Scout Tower
20:10 Scout Tower
20:12 Scout Tower
20:13 Scout Tower
20:16 Scout Tower
20:17 Scout Tower
20:20 Scout Tower
20:22 Scout Tower
20:25 Scout Tower
20:27 Scout Tower
20:29 Scout Tower
20:30 Scout Tower
20:32 Scout Tower
20:35 Guard Tower
20:41 Guard Tower
20:46 Scout Tower
20:48 Scout Tower
20:49 Scout Tower
20:50 Scout Tower
21:30 Guard Tower
22:04 Blacksmith
22:13 Guard Tower
22:13 Guard Tower
22:16 Guard Tower
22:17 Guard Tower
22:32 Scout Tower
22:33 Scout Tower
22:34 Scout Tower
22:35 Scout Tower
22:54 Guard Tower
22:54 Guard Tower
23:02 Guard Tower
23:02 Guard Tower
23:22 Guard Tower
23:22 Guard Tower
23:46 Guard Tower
23:46 Guard Tower
23:49 Guard Tower
23:51 Guard Tower
23:51 Guard Tower
23:54 Guard Tower
24:53 Guard Tower
25:38 Scout Tower
25:40 Scout Tower
25:47 Scout Tower
25:53 Scout Tower
25:55 Scout Tower
25:58 Scout Tower
25:59 Scout Tower
26:17 Guard Tower
26:19 Scout Tower
26:21 Scout Tower
26:23 Guard Tower
26:24 Guard Tower
26:40 Guard Tower
26:40 Guard Tower
26:46 Guard Tower
26:46 Guard Tower
27:17 Guard Tower
28:09 Guard Tower
28:33 Scout Tower
28:34 Scout Tower
28:38 Scout Tower
28:40 Scout Tower
28:42 Scout Tower
28:44 Scout Tower
28:47 Scout Tower
28:58 Scout Tower
28:59 Scout Tower
29:00 Scout Tower
29:03 Scout Tower
29:05 Guard Tower
29:05 Guard Tower
29:32 Guard Tower
29:33 Guard Tower
29:48 Scout Tower
29:51 Scout Tower
29:53 Scout Tower
29:56 Scout Tower
29:58 Scout Tower
29:59 Scout Tower
30:00 Scout Tower
30:02 Scout Tower
30:04 Scout Tower
30:06 Scout Tower
30:10 Scout Tower
30:12 Scout Tower
30:13 Scout Tower
30:16 Scout Tower
30:18 Scout Tower
30:18 Scout Tower
30:20 Scout Tower
30:21 Scout Tower
30:23 Guard Tower
30:23 Guard Tower
30:25 Guard Tower
30:26 Guard Tower
30:54 Guard Tower
30:54 Guard Tower
31:18 Guard Tower
31:18 Guard Tower
31:20 Guard Tower
31:20 Guard Tower
31:48 Guard Tower
31:48 Guard Tower
31:55 Scout Tower
31:59 Scout Tower
32:00 Scout Tower
32:03 Scout Tower
32:13 Guard Tower
32:13 Guard Tower
32:44 Guard Tower
34:26 Workshop
34:27 Workshop
34:33 Scout Tower
34:34 Scout Tower
34:36 Scout Tower
34:38 Scout Tower
34:39 Scout Tower
34:39 Scout Tower
34:44 Guard Tower
34:44 Guard Tower
34:54 Guard Tower
34:57 Scout Tower
34:59 Scout Tower
35:00 Scout Tower
35:01 Scout Tower
35:02 Scout Tower
35:07 Scout Tower
35:08 Scout Tower
35:09 Scout Tower
35:10 Scout Tower
35:11 Scout Tower
35:15 Scout Tower
35:22 Guard Tower
35:22 Guard Tower
35:22 Guard Tower
35:27 Guard Tower
35:27 Guard Tower
35:44 Farm
35:45 Farm
35:45 Farm
35:48 Farm
35:50 Farm
35:50 Farm
35:51 Farm
35:52 Farm
35:59 Guard Tower
35:59 Guard Tower
36:22 Guard Tower
36:22 Guard Tower
62:06 Farm
62:20 Farm
63:52 Altar of Kings
64:09 Altar of Kings
» items
| Scroll of Town Portal | 1 | |
| Orb of Lightning | 2 | |
3 total
TheNumber1-B (
green | 53 APM | 5388 actions | 101:15)
10 Blademaster
3 Wind Walk
3 Critical Strike
1 Bladestorm
3 Mirror Image
» actions
| Assign group hotkey | 20 | |
| Basic commands | 28 | |
| Build / train | 86 | |
| ESC pressed | 6 | |
| Enter build submenu | 207 | |
| Enter hero's abilities submenu | 10 | |
| Give item / drop item | 2 | |
| Right click | 2486 | |
| Select / deselect | 452 | |
| Select group hotkey | 1595 | |
| Use ability | 496 | |
5388 total
» units
| Peon | 23 | |
| Troll Batrider | 16 | |
| Kodo Beast | 1 | |
| Shaman | 1 | |
| Troll Witch Doctor | 1 | |
42 total
» upgrades
| Spiked Barricades | 3 | |
| Reinforced Defenses | 1 | |
| Liquid Fire | 1 | |
| Armor | 3 | |
| Shaman Training | 2 | |
| Witch Doctor Training | 2 | |
| War Drums Damage Increase | 1 | |
13 total
» buildings
| Altar of Storms | 3 | |
| Orc Burrow | 14 | |
| War Mill | 6 | |
| Voodoo Lounge | 5 | |
| Watch Tower | 194 | |
| Stronghold | 3 | |
| Fortress | 3 | |
| Beastiary | 4 | |
| Great Hall | 3 | |
| Spirit Lodge | 1 | |
236 total
» build order
00:08 Altar of Storms
00:23 Orc Burrow
00:38 War Mill
01:20 Voodoo Lounge
02:09 Orc Burrow
02:13 Watch Tower
02:14 Watch Tower
02:24 Watch Tower
02:51 Watch Tower
03:20 Watch Tower
03:23 Watch Tower
03:53 Watch Tower
03:55 Watch Tower
04:10 Watch Tower
04:14 Watch Tower
05:03 Watch Tower
05:07 Stronghold
05:10 Watch Tower
05:16 Watch Tower
05:30 Watch Tower
05:40 Watch Tower
05:54 Watch Tower
05:56 Watch Tower
06:16 Watch Tower
06:25 Watch Tower
06:28 Watch Tower
06:59 Watch Tower
07:00 Watch Tower
07:13 Watch Tower
07:22 Voodoo Lounge
07:30 Watch Tower
07:33 Watch Tower
07:37 Watch Tower
07:40 Watch Tower
07:43 Fortress
08:20 Watch Tower
08:34 Watch Tower
08:37 Watch Tower
08:46 Watch Tower
08:57 Watch Tower
09:08 Watch Tower
09:25 Watch Tower
09:49 Watch Tower
09:51 Watch Tower
10:00 Watch Tower
10:01 Watch Tower
10:07 Watch Tower
10:17 Beastiary
10:22 Watch Tower
10:24 Watch Tower
10:38 Watch Tower
10:53 Orc Burrow
11:11 Beastiary
11:48 Watch Tower
11:52 War Mill
12:19 Beastiary
12:35 Watch Tower
12:36 Watch Tower
12:38 Watch Tower
12:39 Watch Tower
12:55 War Mill
13:25 Watch Tower
13:26 Watch Tower
13:44 Watch Tower
14:03 Orc Burrow
14:06 Orc Burrow
14:43 Voodoo Lounge
14:46 Watch Tower
14:46 Watch Tower
14:47 Watch Tower
14:52 Voodoo Lounge
14:57 Watch Tower
14:59 Watch Tower
15:05 War Mill
15:54 Watch Tower
15:55 Watch Tower
16:11 Watch Tower
16:56 Great Hall
17:07 Watch Tower
17:10 Watch Tower
19:13 Watch Tower
19:14 Watch Tower
19:14 Watch Tower
19:16 Watch Tower
19:17 Watch Tower
19:17 Watch Tower
20:08 Watch Tower
20:09 Watch Tower
21:39 Watch Tower
21:39 Watch Tower
21:41 Watch Tower
21:53 Watch Tower
21:54 Watch Tower
22:05 Watch Tower
22:15 Watch Tower
22:16 Watch Tower
22:16 Watch Tower
22:18 Watch Tower
22:19 Watch Tower
22:20 Watch Tower
22:27 Watch Tower
22:28 Watch Tower
22:29 Watch Tower
22:30 Watch Tower
22:31 Watch Tower
22:32 Watch Tower
23:34 Watch Tower
23:37 Watch Tower
23:41 Watch Tower
23:46 Orc Burrow
24:45 Orc Burrow
24:46 Orc Burrow
25:07 Watch Tower
25:07 Watch Tower
25:08 Watch Tower
25:09 Watch Tower
25:10 Watch Tower
25:11 Watch Tower
25:13 Watch Tower
25:40 Watch Tower
25:41 Watch Tower
26:58 Watch Tower
26:58 Watch Tower
26:59 Watch Tower
27:00 Watch Tower
27:01 Watch Tower
27:02 Watch Tower
27:03 Watch Tower
27:04 Watch Tower
27:05 Watch Tower
27:06 Watch Tower
27:06 Watch Tower
27:07 Watch Tower
27:07 Watch Tower
27:40 War Mill
29:12 Watch Tower
29:12 Watch Tower
29:12 Watch Tower
29:14 Watch Tower
29:14 Watch Tower
29:14 Watch Tower
29:15 Watch Tower
29:16 Watch Tower
29:16 Watch Tower
29:18 Watch Tower
29:18 Watch Tower
29:18 Watch Tower
30:56 Watch Tower
30:57 Watch Tower
30:58 Watch Tower
31:02 Watch Tower
32:01 Watch Tower
32:05 Watch Tower
32:06 Watch Tower
32:09 Watch Tower
32:13 Watch Tower
33:12 Watch Tower
33:48 Watch Tower
34:42 Watch Tower
34:44 Watch Tower
34:51 Watch Tower
35:20 Watch Tower
35:21 Watch Tower
35:23 Watch Tower
35:24 Watch Tower
35:54 Watch Tower
35:56 Watch Tower
36:03 Watch Tower
37:06 Watch Tower
37:08 Watch Tower
37:27 Watch Tower
37:30 Watch Tower
37:35 Watch Tower
37:37 Watch Tower
37:40 Watch Tower
37:41 Watch Tower
37:43 Watch Tower
37:48 Watch Tower
37:51 Watch Tower
37:53 Watch Tower
37:56 Watch Tower
37:58 Watch Tower
37:59 Watch Tower
38:01 Watch Tower
38:07 Watch Tower
38:47 Watch Tower
38:48 Watch Tower
38:50 Watch Tower
38:54 Watch Tower
38:58 Watch Tower
39:35 Watch Tower
39:38 Watch Tower
40:00 Watch Tower
40:01 Watch Tower
40:03 Watch Tower
40:04 Watch Tower
40:06 Watch Tower
40:07 Watch Tower
40:48 Watch Tower
41:05 Watch Tower
41:29 Watch Tower
41:33 Watch Tower
42:12 Watch Tower
42:18 Watch Tower
42:45 Watch Tower
42:47 Watch Tower
42:52 Watch Tower
43:11 Watch Tower
44:11 Beastiary
44:14 Spirit Lodge
44:46 Watch Tower
44:56 Watch Tower
45:42 Watch Tower
45:46 Watch Tower
46:12 Watch Tower
47:02 Watch Tower
47:21 Watch Tower
48:03 Altar of Storms
48:23 Altar of Storms
49:18 Orc Burrow
49:24 Orc Burrow
52:48 Great Hall
55:30 Stronghold
56:34 Great Hall
59:40 Stronghold
59:43 Fortress
61:00 War Mill
63:42 Fortress
68:51 Voodoo Lounge
72:13 Orc Burrow
72:16 Orc Burrow
72:17 Orc Burrow
74:04 Orc Burrow
» items
| Healing Salve | 2 | |
| Lesser Clarity Potion | 2 | |
| Orb of Venom | 1 | |
| Scroll of Town Portal | 4 | |
9 total
TIMG4STRok (
orange | 65 APM | 6548 actions | 101:15)
9 Warden
3 Shadow Strike
3 Blink
1 Spirit of Vengeance
2 Fan of Knives
6 Pandaren Brewmaster
3 Breath of Fire
1 Drunken Brawler
1 Drunken Haze
1 Storm Earth and Fire
» actions
| Assign group hotkey | 26 | |
| Basic commands | 339 | |
| Build / train | 104 | |
| ESC pressed | 3 | |
| Enter build submenu | 29 | |
| Enter hero's abilities submenu | 15 | |
| Give item / drop item | 10 | |
| Right click | 3413 | |
| Select / deselect | 649 | |
| Select group hotkey | 1506 | |
| Use ability | 454 | |
6548 total
» units
| Wisp | 27 | |
| Hippogryph | 8 | |
| Druid of the Talon | 12 | |
| Dryad | 2 | |
| Druid of the Claw | 2 | |
51 total
» upgrades
| Nature's Blessing | 1 | |
| Ultravision | 1 | |
| Strength of the Wild | 3 | |
| Druid of the Talon Training | 2 | |
| Reinforced Hides | 3 | |
| Well Spring | 1 | |
| Mark of the Talon | 1 | |
| Abolish Magic | 1 | |
| Druid of the Claw Training | 2 | |
| Mark of the Claw | 1 | |
16 total
» buildings
| Altar of Elders | 2 | |
| Moon Well | 12 | |
| Ancient of Wonders | 2 | |
| Tree of Ages | 1 | |
| Tree of Life | 5 | |
| Ancient of Wind | 3 | |
| Hunter's Hall | 1 | |
| Tree of Eternity | 1 | |
| Ancient of Lore | 1 | |
28 total
» build order
00:03 Altar of Elders
00:21 Moon Well
02:58 Moon Well
03:43 Ancient of Wonders
07:09 Moon Well
08:00 Tree of Ages
08:52 Tree of Life
11:38 Ancient of Wind
11:38 Ancient of Wind
12:31 Hunter's Hall
12:33 Moon Well
12:34 Moon Well
12:34 Moon Well
15:04 Tree of Eternity
17:50 Tree of Life
19:08 Tree of Life
19:33 Moon Well
19:34 Moon Well
24:59 Tree of Life
30:29 Ancient of Lore
42:42 Ancient of Wind
43:04 Moon Well
44:16 Altar of Elders
45:20 Moon Well
46:01 Moon Well
46:02 Moon Well
52:46 Ancient of Wonders
55:15 Tree of Life
» items
| Healing Salve | 2 | |
| Lesser Clarity Potion | 2 | |
| Potion of Healing | 2 | |
| Potion of Mana | 3 | |
| Staff of Preservation | 2 | |
| Orb of Venom | 1 | |
| Orb of Lightning | 1 | |
| Tiny Great Hall | 1 | |
| Staff of Sanctuary | 1 | |
| Scroll of Town Portal | 3 | |
18 total
team 2 (loser)

»
13.L.O.O.D (
teal | 31 APM | 3121 actions | 101:14)
5 Blademaster
2 Wind Walk
3 Critical Strike
1 Death Knight
1 Unholy Aura
» actions
| Basic commands | 219 | |
| Build / train | 231 | |
| Enter build submenu | 74 | |
| Enter hero's abilities submenu | 6 | |
| Remove unit from queue | 14 | |
| Right click | 1169 | |
| Select / deselect | 1230 | |
| Use ability | 178 | |
3121 total
» units
| Peon | 34 | |
| Grunt | 8 | |
| Demolisher | 6 | |
| Raider | 12 | |
| Troll Batrider | 34 | |
| Tauren | 22 | |
| Frost Wyrm | 15 | |
| Spirit Walker | 6 | |
| Shaman | 4 | |
| Acolyte | 34 | |
| Gargoyle | 5 | |
180 total
» upgrades
| Melee Weapons | 3 | |
| Armor | 3 | |
| Berserker Strength | 1 | |
| War Drums Damage Increase | 1 | |
| Pulverize | 1 | |
| Liquid Fire | 1 | |
| Burning Oil | 1 | |
| Ranged Weapons | 3 | |
| Shaman Training | 2 | |
| Spirit Walker Training | 2 | |
| Witch Doctor Training | 1 | |
19 total
» buildings
| Orc Burrow | 9 | |
| Altar of Storms | 1 | |
| Barracks | 1 | |
| Voodoo Lounge | 1 | |
| War Mill | 2 | |
| Stronghold | 1 | |
| Beastiary | 3 | |
| Fortress | 1 | |
| Great Hall | 2 | |
| Tauren Totem | 2 | |
| Spirit Lodge | 2 | |
| Necropolis | 4 | |
| Ziggurat | 29 | |
| Nerubian Tower | 4 | |
| Graveyard | 2 | |
| Crypt | 3 | |
| Tomb of Relics | 1 | |
| Spirit Tower | 1 | |
69 total
» build order
00:06 Orc Burrow
00:09 Altar of Storms
00:28 Barracks
01:46 Orc Burrow
01:57 Voodoo Lounge
02:14 War Mill
03:49 Orc Burrow
04:44 Stronghold
07:01 Orc Burrow
08:03 Beastiary
08:50 Fortress
09:26 Orc Burrow
10:35 Great Hall
11:58 Orc Burrow
12:03 Orc Burrow
12:48 Orc Burrow
13:50 Tauren Totem
16:26 War Mill
16:40 Beastiary
17:57 Beastiary
19:22 Orc Burrow
35:04 Great Hall
35:53 Spirit Lodge
36:13 Spirit Lodge
36:20 Tauren Totem
59:02 Necropolis
64:09 Necropolis
65:48 Necropolis
65:50 Ziggurat
65:52 Ziggurat
65:55 Ziggurat
65:57 Ziggurat
66:01 Ziggurat
66:05 Ziggurat
66:08 Ziggurat
66:12 Ziggurat
66:25 Ziggurat
66:27 Ziggurat
66:29 Ziggurat
66:31 Ziggurat
66:34 Ziggurat
66:41 Ziggurat
66:58 Ziggurat
67:01 Ziggurat
67:03 Ziggurat
67:05 Ziggurat
67:07 Ziggurat
67:28 Nerubian Tower
67:38 Graveyard
67:43 Crypt
67:58 Tomb of Relics
69:29 Nerubian Tower
69:36 Nerubian Tower
79:50 Graveyard
81:16 Spirit Tower
83:12 Crypt
83:19 Crypt
89:09 Necropolis
91:09 Ziggurat
96:58 Ziggurat
97:00 Ziggurat
97:03 Ziggurat
97:05 Ziggurat
97:08 Ziggurat
97:12 Ziggurat
97:15 Ziggurat
97:18 Ziggurat
97:21 Ziggurat
99:56 Nerubian Tower
» items
| Healing Salve | 2 | |
| Lesser Clarity Potion | 2 | |
4 total
assclownjr (
pink | 60 APM | 6045 actions | 101:09)
2 Lich
1 Frost Armor
1 Dark Ritual
9 Naga Sea Witch
3 Frost Arrows
3 Forked Lightning
1 Tornado
2 Mana Shield
1 Death Knight
1 Death Pact
» actions
| Assign group hotkey | 8 | |
| Basic commands | 31 | |
| Build / train | 118 | |
| ESC pressed | 2 | |
| Enter build submenu | 36 | |
| Enter hero's abilities submenu | 18 | |
| Give item / drop item | 4 | |
| Remove unit from queue | 8 | |
| Right click | 3955 | |
| Select / deselect | 1560 | |
| Select group hotkey | 13 | |
| Use ability | 292 | |
6045 total
» units
| Acolyte | 20 | |
| Ghoul | 6 | |
| Crypt Fiend | 12 | |
| Meatwagon | 8 | |
| Frost Wyrm | 10 | |
| Gargoyle | 15 | |
| Obsidian Statue | 2 | |
73 total
» upgrades
| Unholy Strength | 3 | |
| Web | 1 | |
| Creature Attack | 3 | |
| Freezing Breath | 1 | |
| Stone Form | 1 | |
9 total
» buildings
| Graveyard | 1 | |
| Crypt | 2 | |
| Ziggurat | 9 | |
| Altar of Darkness | 1 | |
| Tomb of Relics | 3 | |
| Halls of the Dead | 3 | |
| Nerubian Tower | 2 | |
| Slaughterhouse | 3 | |
| Black Citadel | 2 | |
| Sacrificial Pit | 1 | |
| Boneyard | 3 | |
| Spirit Tower | 1 | |
31 total
» build order
00:11 Graveyard
00:15 Crypt
00:40 Ziggurat
00:55 Altar of Darkness
01:57 Tomb of Relics
02:01 Ziggurat
03:49 Halls of the Dead
03:49 Halls of the Dead
05:04 Ziggurat
05:56 Nerubian Tower
09:23 Slaughterhouse
09:25 Slaughterhouse
09:54 Ziggurat
10:49 Ziggurat
11:17 Ziggurat
12:09 Black Citadel
12:10 Black Citadel
16:17 Slaughterhouse
16:22 Sacrificial Pit
18:40 Boneyard
19:46 Boneyard
19:50 Boneyard
20:44 Ziggurat
20:46 Ziggurat
20:49 Ziggurat
21:43 Nerubian Tower
21:44 Spirit Tower
25:50 Crypt
74:36 Tomb of Relics
81:09 Tomb of Relics
» items
| Rod of Necromancy | 1 | |
| Dust of Appearance | 4 | |
| Potion of Mana | 1 | |
| Potion of Healing | 1 | |
7 total
l[illidan]l (
purple | 51 APM | 1772 actions | 34:47)
6 Lich
3 Frost Nova
2 Frost Armor
1 Death and Decay
6 Death Knight
3 Death Coil
2 Unholy Aura
1 Animate Dead
» actions
| Assign group hotkey | 78 | |
| Build / train | 66 | |
| Enter build submenu | 22 | |
| Enter hero's abilities submenu | 12 | |
| Give item / drop item | 2 | |
| Remove unit from queue | 2 | |
| Right click | 1156 | |
| Select / deselect | 338 | |
| Select group hotkey | 11 | |
| Use ability | 85 | |
1772 total
» units
| Acolyte | 12 | |
| Ghoul | 7 | |
| Crypt Fiend | 7 | |
| Frost Wyrm | 9 | |
35 total
» upgrades
| Creature Attack | 3 | |
| Web | 1 | |
| Burrow | 1 | |
| Freezing Breath | 1 | |
| Creature Carapace | 3 | |
9 total
» buildings
| Graveyard | 2 | |
| Crypt | 1 | |
| Ziggurat | 9 | |
| Altar of Darkness | 1 | |
| Tomb of Relics | 2 | |
| Nerubian Tower | 1 | |
| Spirit Tower | 1 | |
| Halls of the Dead | 1 | |
| Black Citadel | 1 | |
| Sacrificial Pit | 1 | |
| Boneyard | 2 | |
22 total
» build order
00:09 Graveyard
00:11 Crypt
00:14 Graveyard
00:29 Ziggurat
01:01 Altar of Darkness
01:27 Tomb of Relics
01:31 Tomb of Relics
02:08 Ziggurat
04:28 Nerubian Tower
04:30 Spirit Tower
05:04 Halls of the Dead
05:45 Ziggurat
05:53 Ziggurat
08:01 Ziggurat
10:47 Black Citadel
12:14 Sacrificial Pit
12:18 Ziggurat
13:34 Boneyard
13:40 Boneyard
19:11 Ziggurat
19:13 Ziggurat
19:33 Ziggurat
» items
| Rod of Necromancy | 1 | |
| Dust of Appearance | 1 | |
2 total
Chat log
(00:15 / Allies) TIMG4STRok: tower
(00:17 / Allies) TIMG4STRok: like you never
(00:18 / Allies) TIMG4STRok: towered before
(00:30 / Allies) TIMG4STRok: send now jill
(00:32 / Allies) TIMG4STRok: you got top 2
(00:36 / Allies) TIMG4STRok: careful of middle you'll pull dragons
(01:00 / Allies) TIMG4STRok: thats the closest
(01:02 / Allies) TIMG4STRok: you build
(01:02 / Allies) TIMG4STRok: noi
(01:09 / Allies) TIMG4STRok: right there
(01:18 / Allies) TIMG4STRok: we gonna perch bottom right
(01:26 / Allies) TIMG4STRok: dont clump them
(01:28 / Allies) TIMG4STRok: make a line
(01:30 / Allies) TIMG4STRok: so they cant run past
(02:37 / Allies) TIMG4STRok: KEEP going
(03:35 / Allies) TIMG4STRok: I GOT
(03:36 / Allies) TIMG4STRok: oops
(03:39 / Allies) TIMG4STRok: sorry caps is vent key
(03:57 / All) l[illidan]l: gtfo nigga
(04:20 / Allies) TIMG4STRok: gonna militia creep it
(04:23 / Allies) TIMG4STRok: keep using am and tower
(05:03 / Allies) TIMG4STRok: expand when you can
(05:33 / Allies) TIMG4STRok: clump some towers at the end
(05:39 / Allies) TIMG4STRok: then when they're up push to the trees
(05:43 / Allies) TIMG4STRok: and let towers kill the dragon
(06:09 / Allies) PLEASEDONTGO: w00d
(07:09 / Allies) PLEASEDONTGO: r-o-f-k
(07:11 / Allies) PLEASEDONTGO: l
(07:43 / Allies) TIMG4STRok: more towers jill
(07:48 / Allies) TIMG4STRok: gotta make these thick
(09:48 / Allies) TIMG4STRok: is that crept
(10:00 / Allies) PLEASEDONTGO: no
(10:46 / Allies) TIMG4STRok: get sopme dhawk ready
(11:45 / Allies) TIMG4STRok: get blood mage second
(11:47 / Allies) TIMG4STRok: we need flamestrike
(12:32 / Allies) PLEASEDONTGO: w00d
(13:54 / Allies) TIMG4STRok: jill you got top
(13:59 / Allies) TIMG4STRok: gonna help ej
(14:00 / Allies) PLEASEDONTGO: yeah\
(14:03 / Allies) PLEASEDONTGO: yes*
(14:51 / Allies) TIMG4STRok: keep making towers
(14:53 / Allies) TIMG4STRok: dont ever stop
(15:03 / Allies) PLEASEDONTGO: woood
(15:14 / Allies) TIMG4STRok: sorry just used a bunch
(16:25 / Allies) PLEASEDONTGO: what the fuck
(23:37 / Allies) PLEASEDONTGO: wood
(24:10 / Allies) TIMG4STRok: lotsa bats inc
(24:29 / All) 13.L.O.O.D: WOW
(24:49 / Allies) TIMG4STRok: this is thick enough i think
(25:02 / Allies) TIMG4STRok: start working on this
(25:03 / Allies) TIMG4STRok: gonna eat through
(25:06 / Allies) TIMG4STRok: build where my tree is
(25:07 / All) l[illidan]l: u guys are so fucking gay
(26:02 / Allies) TIMG4STRok: bring blood here
(26:58 / Allies) PLEASEDONTGO: hes there
(27:52 / Allies) TIMG4STRok: brt
(27:59 / All) assclownjr: jason
(28:01 / All) assclownjr: i fucking idiot
(28:40 / All) 13.L.O.O.D: U GUYS ARE MONSTERS
(28:42 / All) 13.L.O.O.D: FUCK U
(28:51 / All) 13.L.O.O.D: WE WILL MIMIC YOUR STRATEGY
(28:54 / All) 13.L.O.O.D: REPLAY SAVED
(28:55 / All) 13.L.O.O.D: GG
(29:00 / All) TIMG4STRok: ty fans
(29:07 / All) PLEASEDONTGO: clan towa #1
(29:15 / All) l[illidan]l: u guys suck cock
(29:43 / Allies) TIMG4STRok: we might need a siege
(29:53 / Allies) TIMG4STRok: yeah
(31:02 / Allies) TIMG4STRok: we're up
(31:11 / Allies) PLEASEDONTGO: nice
(31:26 / Allies) TIMG4STRok: ej should probably tower
(31:28 / Allies) TIMG4STRok: since we vs wyrms
(31:56 / All) l[illidan]l: cunt
(32:22 / Allies) PLEASEDONTGO: 2 layers good here?
(32:27 / Allies) TIMG4STRok: yeah
(32:30 / Allies) TIMG4STRok: start going 100 jill
(32:40 / Allies) PLEASEDONTGO: all hawks?
(32:46 / Allies) TIMG4STRok: get like 2-3 tanks
(32:48 / All) 13.L.O.O.D: ATTACKKKKK
(32:49 / All) assclownjr: FUCK U
(33:39 / All) 13.L.O.O.D: ok
(33:48 / Allies) TIMG4STRok: plug it up
(33:54 / All) 13.L.O.O.D: fuck u ^^
(34:56 / Allies) TheNumber1-B: jillidan
(35:12 / Allies) PLEASEDONTGO: ?
(36:01 / Allies) TIMG4STRok: let them start killing shit i guess
(36:03 / Allies) TIMG4STRok: so they stay
(36:10 / Allies) TIMG4STRok: just work on your army
(36:16 / Allies) PLEASEDONTGO: cancel the<
(36:17 / Allies) PLEASEDONTGO: ?
(36:23 / Allies) TIMG4STRok: yeah
(36:27 / Allies) TIMG4STRok: the ones you got going
(36:28 / Allies) TIMG4STRok: are fine
(36:31 / Allies) TIMG4STRok: just dont make more
(37:53 / Allies) TIMG4STRok: kill off workers jill
(37:56 / Allies) TIMG4STRok: save like 1 or 2
(37:59 / Allies) TIMG4STRok: and bring them to the perch
(40:44 / Allies) TIMG4STRok: got your master caster?
(40:50 / Allies) PLEASEDONTGO: i can
(40:52 / Allies) TIMG4STRok: what else is good up there
(40:58 / Allies) TIMG4STRok: i think tank/hawk/caster is fine
(41:04 / Allies) PLEASEDONTGO: k
(41:06 / Allies) TIMG4STRok: maybe some orc casters and kodo beast ej
(41:09 / Allies) PLEASEDONTGO: sorcs and priests?
(41:16 / Allies) TIMG4STRok: yeah 2-3 each is fine
(41:19 / Allies) PLEASEDONTGO: k
(41:43 / Allies) TIMG4STRok: let em kill
(43:22 / Allies) TIMG4STRok: Going into upkeep
(43:26 / Allies) PLEASEDONTGO: is wood effected by upkeep in transfet?
(43:27 / Allies) PLEASEDONTGO: r
(43:29 / Allies) TIMG4STRok: no
(43:33 / Allies) PLEASEDONTGO: can i get some?
(43:41 / Allies) PLEASEDONTGO: ty
(44:53 / Allies) PLEASEDONTGO: tping
(45:56 / All) TheNumber1-B: yo
(45:59 / All) TheNumber1-B: ill trade u guys
(46:05 / All) TheNumber1-B: a mask of death for a blink dagger
(47:22 / Allies) TIMG4STRok: put tanks in good spots
(47:25 / Allies) TIMG4STRok: that is not good spot
(47:29 / Allies) TIMG4STRok: its where tree goes
(47:42 / Allies) TIMG4STRok: stack air in corner
(47:45 / Allies) TIMG4STRok: click outside of map
(49:28 / All) TIMG4STRok: lucker noobs
(49:33 / All) assclownjr: u are the biggest douchebag ever
(49:35 / Allies) TIMG4STRok: focus all they are
(49:36 / All) TIMG4STRok: stfu
(49:42 / All) assclownjr: seriously
(49:44 / All) 13.L.O.O.D: u gave us the time to studie ur shit
(52:25 / Allies) PLEASEDONTGO: he cant res if you kill them all
(53:09 / All) TheNumber1-B: lucker..
(53:23 / All) PLEASEDONTGO: n1 luckers
(53:31 / All) TIMG4STRok: faggot hackers
(53:31 / All) 13.L.O.O.D: XD
(56:04 / All) PLEASEDONTGO: brb pizza
(56:11 / All) PLEASEDONTGO: BRB
(56:14 / All) assclownjr: oops
(58:35 / Allies) PLEASEDONTGO: aco
(58:38 / Allies) PLEASEDONTGO: hes unsummoning
(58:41 / Allies) TIMG4STRok: let them
(58:43 / Allies) TIMG4STRok: make some things
(58:46 / Allies) TheNumber1-B: we gonna let em expo
(58:47 / Allies) TIMG4STRok: i want them to attack
(59:27 / All) TIMG4STRok: why no make armey
(59:35 / All) assclownjr: are u dumb
(59:47 / All) TIMG4STRok: u outta gold. LOL
(59:48 / All) 13.L.O.O.D: hero are betters ^^
(59:55 / All) assclownjr: honsetly, u can use gold to buy back heroes
(59:57 / All) assclownjr: if you dont remember
(60:07 / All) PLEASEDONTGO: nope i forgot.....................
(60:11 / All) assclownjr: yeah prob
(60:15 / All) TIMG4STRok: you can use gold to buy armeys...
(60:22 / All) assclownjr: or use gold to buy back a hero..
(60:32 / All) assclownjr: golds incredibly important right now
(60:38 / All) PLEASEDONTGO: is it
(60:43 / All) 13.L.O.O.D: nah
(60:45 / All) assclownjr: in this game yes sir
(60:47 / All) 13.L.O.O.D: it's a fake
(60:48 / Allies) TIMG4STRok: how true
(60:49 / Allies) TIMG4STRok: that is
(60:56 / Allies) TIMG4STRok: secret waterfall shop
(60:59 / Allies) TIMG4STRok: v. scenic
(61:02 / Allies) PLEASEDONTGO: xd!!
(61:06 / Allies) PLEASEDONTGO: n1 tim
(61:42 / Allies) TIMG4STRok: yo jill pop a farm and an altar down
(61:47 / Allies) TIMG4STRok: before you lose your worker in tragic mishap
(62:07 / Allies) PLEASEDONTGO: w00d
(62:38 / Allies) PLEASEDONTGO: id have to lose my whole army to get my hero back
(62:42 / Allies) PLEASEDONTGO: 100/100
(62:54 / Allies) TIMG4STRok: so
(62:59 / Allies) TIMG4STRok: what happens if you lose your workers some how
(63:07 / Allies) TIMG4STRok: and then lose your whole army.
(63:13 / Allies) TIMG4STRok: happens very often
(63:22 / All) 13.L.O.O.D: HE'S A CLOWN
(63:26 / All) 13.L.O.O.D: WHY NOT LOL ?
(63:31 / Allies) PLEASEDONTGO: where do i put altar
(63:35 / Allies) PLEASEDONTGO: ?
(63:38 / Allies) TIMG4STRok: where aowind is
(63:44 / Allies) TIMG4STRok: put it in a nice place
(63:55 / Allies) TIMG4STRok: put it inbetween altar an wells
(65:02 / Allies) PLEASEDONTGO: scouted
(65:12 / Allies) PLEASEDONTGO: he taverning hero
(65:55 / All) PLEASEDONTGO: of gold is important why use tavern instead of saving the extra gold.....
(66:25 / Allies) PLEASEDONTGO: mine it?
(66:30 / Allies) PLEASEDONTGO: they know its there
(67:09 / Allies) PLEASEDONTGO: is josh brb?
(67:16 / Allies) TIMG4STRok: no
(67:29 / Allies) TheNumber1-B: ?
(67:51 / Allies) PLEASEDONTGO: they know that upper right fortress is there you should long mine the rest of the gold with 1 peon
(69:03 / Allies) TIMG4STRok: mine is nicer
(70:07 / All) 13.L.O.O.D: it's funny how the game reversed
(70:09 / All) TIMG4STRok: fuck u nerds!!!!!
(70:12 / All) TIMG4STRok: no its not!
(70:13 / All) assclownjr: "
(70:15 / All) PLEASEDONTGO: rofl
(70:18 / All) PLEASEDONTGO: we win
(70:18 / All) 13.L.O.O.D: and how people are determinated
(70:19 / All) TIMG4STRok: can you quit please
(70:20 / All) assclownjr: purple left because he was so bored
(70:21 / All) 13.L.O.O.D: lol
(70:21 / All) TIMG4STRok: i need win
(70:32 / All) assclownjr: in the time span of this one you guys could hae finished like 10 games
(70:35 / All) TIMG4STRok: please i need this win..
(70:53 / All) 13.L.O.O.D: no you don't
(70:55 / All) 13.L.O.O.D: I do
(71:00 / All) TIMG4STRok: stfu i need it
(71:01 / All) assclownjr: lol
(71:04 / All) TIMG4STRok: you =NERD!
(71:09 / All) 13.L.O.O.D: yeh ty
(71:12 / All) assclownjr: this coming from the guy begging for a win?
(71:20 / All) assclownjr: :/
(71:24 / All) 13.L.O.O.D: I smoke weed drive cars fuck bitches and go to downtown clubs
(71:28 / All) 13.L.O.O.D: I don't know bout u
(71:33 / All) 13.L.O.O.D: I ain't a teenager anymore ...
(71:39 / All) TIMG4STRok: damn
(71:42 / All) TIMG4STRok: i wish i drive a car...
(71:43 / All) 13.L.O.O.D: call that nerd?
(71:48 / All) 13.L.O.O.D: I have a job ^^
(71:54 / All) PLEASEDONTGO: so why are you here
(71:59 / All) PLEASEDONTGO: playing a 2 hour game?
(72:01 / All) 13.L.O.O.D: hobby
(72:02 / All) PLEASEDONTGO: nerd....
(72:25 / All) assclownjr: no point arguing this
(72:26 / All) assclownjr: gg guys
(72:27 / All) assclownjr: just leave
(72:30 / All) TIMG4STRok: gg no
(72:36 / All) TIMG4STRok: gotta kill all building ^^ i drive a car.
(72:41 / All) assclownjr: k dumbshit
(73:00 / All) PLEASEDONTGO: nice bone dragons....
(73:11 / All) 13.L.O.O.D: ty
(73:16 / All) TIMG4STRok: HOW THEYS TILL ALIFE
(73:24 / All) 13.L.O.O.D: 2992 gold..
(73:30 / All) 13.L.O.O.D: 3024
(73:32 / All) assclownjr: because wasting more than 10k on towers was a bad idea
(73:38 / All) 13.L.O.O.D: 3078
(73:41 / All) PLEASEDONTGO: i have 100/100 of units.....
(73:43 / All) TIMG4STRok: fuck
(73:48 / All) TIMG4STRok: 3078 is a lot of gold...shit
(73:51 / All) assclownjr: lol massing dragon hawks?
(74:02 / All) TIMG4STRok: stop
(74:02 / All) TIMG4STRok: Stop
(74:03 / All) TIMG4STRok: Stop
(74:04 / All) TIMG4STRok: stop
(74:04 / All) TIMG4STRok: stop
(74:05 / All) PLEASEDONTGO: no
(74:06 / All) TIMG4STRok: wai
(74:07 / All) TIMG4STRok: wati
(74:08 / All) TIMG4STRok: stop
(74:08 / All) PLEASEDONTGO: mass mortar
(74:10 / All) TIMG4STRok: dopnt kill
(74:10 / All) 13.L.O.O.D: nah
(74:11 / All) TIMG4STRok: hold on
(74:13 / All) 13.L.O.O.D: CLAN LOIS
(74:13 / All) TIMG4STRok: wait
(74:17 / All) TIMG4STRok: i paypaul u 3 bucks
(74:19 / All) TIMG4STRok: if u let me win
(74:20 / All) TIMG4STRok: hold on
(74:21 / All) TIMG4STRok: stop
(74:21 / All) PLEASEDONTGO: lois sux
(74:26 / All) TIMG4STRok: stop
(74:26 / All) TIMG4STRok: Wati
(74:41 / All) TIMG4STRok: whbats ur paypal.
(74:46 / All) TIMG4STRok: i send 3 dollar for each of u.
(75:00 / All) assclownjr: lyin negro
(75:04 / All) TIMG4STRok: swear 2 god
(75:06 / All) assclownjr: gg
(75:20 / All) TIMG4STRok: bg
(75:20 / All) TIMG4STRok: bg
(75:22 / All) TIMG4STRok: Bad game
(75:34 / All) TIMG4STRok: stop
(75:35 / All) 13.L.O.O.D: yeh for u
(75:36 / Allies) TIMG4STRok: p
(75:36 / All) 13.L.O.O.D: XD
(75:37 / All) TIMG4STRok: stop
(75:38 / All) TIMG4STRok: stop
(75:38 / All) TIMG4STRok: stop
(75:39 / All) TIMG4STRok: sxtop
(75:40 / All) TIMG4STRok: wait
(75:41 / All) TIMG4STRok: hopld on
(75:43 / All) TIMG4STRok: ;lets talk it over plz
(75:44 / All) TIMG4STRok: wait
(75:51 / All) TIMG4STRok: Stop All Bone Dragon
(75:56 / All) PLEASEDONTGO: you lose leave
(75:57 / All) assclownjr: finally
(75:57 / All) 13.L.O.O.D: u wish
(75:58 / All) TIMG4STRok: no
(75:58 / All) TIMG4STRok: hold on
(76:01 / All) TIMG4STRok: wtf?????
(76:04 / All) TIMG4STRok: that was last building
(76:07 / All) assclownjr: lol
(76:10 / All) TIMG4STRok: but i pause as u kill it.....
(76:15 / All) TIMG4STRok: some kinda of a bug????
(76:20 / All) 13.L.O.O.D: LOL
(76:31 / All) TIMG4STRok: ahahahah i never lose
(76:33 / All) TIMG4STRok: i win
(76:34 / All) TIMG4STRok: forever
(76:47 / All) assclownjr: you're 12- 1
(76:48 / All) assclownjr: lol
(76:58 / All) TIMG4STRok: damn...i am
(77:02 / All) TIMG4STRok: how embarrassing record..
(77:15 / All) assclownjr: doubt u won through skill
(77:19 / All) TIMG4STRok: stfu
(77:20 / All) assclownjr: prob left in annoyance like purple here
(77:27 / All) TIMG4STRok: mky shop
(77:27 / All) TIMG4STRok: my last shop
(77:29 / All) PLEASEDONTGO: i thought he left cause he was bored
(77:31 / All) TIMG4STRok: a bug!!?!?!?
(77:34 / All) PLEASEDONTGO: way to change the story
(77:37 / All) assclownjr: bored/annoyed w/e man
(77:39 / All) PLEASEDONTGO: your full of shit noob
(77:45 / All) PLEASEDONTGO: leave you lose because you suck
(77:47 / All) assclownjr: it's you're
(77:55 / All) 13.L.O.O.D: YES
(78:02 / All) TIMG4STRok: my last tree...
(78:04 / All) assclownjr: gg
(78:07 / All) 13.L.O.O.D: 50 POINTS
(78:13 / All) PLEASEDONTGO: GG YOU LOSE LEAVE
(78:29 / All) 13.L.O.O.D: u nerds ! HAHAH SQUELCHED GOOD NIGHT
(81:14 / All) TIMG4STRok: my last shop
(81:33 / All) PLEASEDONTGO: nice.......................
(81:55 / All) TIMG4STRok: you boys ever hear of http://highper.ch
(82:01 / All) 13.L.O.O.D: fuck off
(82:23 / All) PLEASEDONTGO: http://www.highper.ch/ for this replay of you getting own
(82:31 / All) TheNumber1-B: LOL
(82:33 / Allies) TIMG4STRok: no www.
(82:39 / Allies) TIMG4STRok: just http://highper.ch
(82:39 / Allies) PLEASEDONTGO: ic
(82:46 / Allies) PLEASEDONTGO: i have it bookmarked i dont type it
(82:50 / All) TIMG4STRok: my last tree...
(82:52 / Allies) TIMG4STRok: me either
(82:54 / Allies) TIMG4STRok: well
(82:57 / Allies) TIMG4STRok: i type it in war3 a lot
(85:42 / All) PLEASEDONTGO: nice..................
(87:25 / All) TIMG4STRok: u may leaf now
(87:31 / All) TIMG4STRok: make like a tree and SCRAM!!!
(87:47 / All) TheNumber1-B: hows it feel killing all those towers for nothing
(90:24 / Allies) PLEASEDONTGO: finish it
(90:27 / Allies) TheNumber1-B: letting him keep it
(90:39 / Allies) TIMG4STRok: i want them to attack
(90:42 / Allies) TIMG4STRok: is boring if they dont
(91:11 / All) TIMG4STRok: aloha
(91:59 / Allies) TIMG4STRok: pp[s
(92:00 / Allies) TIMG4STRok: oops
(92:04 / Allies) TIMG4STRok: forgot i didnt have staff on warden
(92:21 / Allies) TheNumber1-B: yo im brb
(92:23 / All) PLEASEDONTGO: nice coil!
(92:24 / Allies) TheNumber1-B: 5 min
(92:28 / Allies) TIMG4STRok: ok
(92:29 / All) assclownjr: nice panda
(92:40 / All) PLEASEDONTGO: we suicided it :s
(92:44 / Allies) TIMG4STRok: bring out your air
(92:46 / All) assclownjr: kk
(92:48 / Allies) TIMG4STRok: and stomp him when he comes in
(93:21 / All) TIMG4STRok: what you accomplish. nothing
(93:27 / All) PLEASEDONTGO: look how the game turned around.....
(93:29 / All) assclownjr: wow this is going to take forever
(93:33 / All) 13.L.O.O.D: found out there is no three there..
(93:35 / All) TIMG4STRok: i got 20k gold
(93:40 / All) assclownjr: okay
(93:42 / All) TIMG4STRok: i just remake my 100 food army a million times
(95:16 / All) TIMG4STRok: LOL
(95:53 / All) PLEASEDONTGO: and you thought you were going to win.....
(96:00 / All) assclownjr: wow
(96:11 / Allies) TIMG4STRok: check this out
(96:14 / Allies) TIMG4STRok: dott looks so sweet
(96:22 / Allies) PLEASEDONTGO: silloeute
(96:29 / Allies) TIMG4STRok: if you put a tree of life
(96:30 / Allies) TIMG4STRok: in that
(96:34 / Allies) TIMG4STRok: it looks like huge archon
(96:34 / All) 13.L.O.O.D: lag?
(98:10 / All) PLEASEDONTGO: "cloud"
(98:21 / All) TIMG4STRok: need a graveyard
(98:38 / Allies) PLEASEDONTGO: they have one
(98:40 / Allies) PLEASEDONTGO: lol
(98:42 / Allies) TIMG4STRok: oic
(99:00 / All) 13.L.O.O.D: I'ma send the replay on battle.net
(99:01 / All) 13.L.O.O.D: gg guys
(99:04 / All) 13.L.O.O.D: alot of fun
(99:10 / All) assclownjr: ehhhhhhhhhhhhhhhhhhhhhhhhhhhhhhhhhhhhhhhhhhhhhhhhhhhhhhhhhhhhhhhhhhhhhhhhhhhhhhhhhhhhhhhhhhhhhhhhhhhhhhhhhhhhhhhhhhhhhhhhhhhhhh
(99:13 / All) 13.L.O.O.D: it's a game uh ;)
(99:16 / All) PLEASEDONTGO: replay on http://highper.ch/
(99:16 / All) TIMG4STRok: ima send the replay on battle.net
(99:34 / All) TIMG4STRok: put repaly on http://highper.ch please
(99:35 / All) 13.L.O.O.D: have you ever done this that way before?
(99:41 / Allies) TIMG4STRok: its always nice to see a perch from their point of view
(99:57 / All) assclownjr: fuckin 2 hr game
(100:02 / All) TIMG4STRok: hush
(100:05 / All) PLEASEDONTGO: upload replay to http://highper.ch/
(100:08 / All) assclownjr: comin from the guy
(100:10 / All) assclownjr: begging to let u win
(100:11 / All) 13.L.O.O.D: we coulda win 10 games
(100:12 / All) 13.L.O.O.D: lol
(100:14 / All) assclownjr: going as far as to ask us to pay him..
(100:17 / All) PLEASEDONTGO: it was a joke idiot
(100:20 / All) assclownjr: er asking us to recieve payment
(100:21 / All) PLEASEDONTGO: we knew this would happen
(100:21 / All) TIMG4STRok: instead you spend 2 hours losing game
(100:22 / All) assclownjr: sure it was buddy
(100:26 / All) assclownjr: blue you never said a single word
(100:29 / All) assclownjr: untill you started winning
(100:30 / All) PLEASEDONTGO: lol?
(100:30 / All) assclownjr: funny
(100:32 / All) TIMG4STRok: lmao
(100:35 / Allies) TIMG4STRok: don
(100:35 / All) PLEASEDONTGO: i talked all game
(100:35 / Allies) TIMG4STRok: kill
(100:38 / All) assclownjr: nope
(100:43 / All) assclownjr: nah
(100:45 / All) 13.L.O.O.D: he did..
(100:49 / All) assclownjr: make me waste my time
(100:51 / All) PLEASEDONTGO: pink your retarded
(100:51 / All) 13.L.O.O.D: I dreamed about this
(100:53 / All) PLEASEDONTGO: lois sucks
(100:54 / All) 13.L.O.O.D: LOL
(100:57 / All) assclownjr: pink your retarded
(100:58 / All) PLEASEDONTGO: clan towa #1
(101:01 / All) assclownjr: are you annoyed?
(101:03 / All) assclownjr: then okay
(101:06 / All) assclownjr: my job is done
(101:06 / All) 13.L.O.O.D: towa ?
(101:07 / All) assclownjr: gg boys
(101:07 / All) 13.L.O.O.D: LOL
(101:08 / All) TIMG4STRok: why would we be annoyed
(101:10 / All) TIMG4STRok: we won this game
(101:12 / All) TIMG4STRok: fair and square!!!